 Dungeon Sprint DCSS version 0.21.1-1-g345015f (webtiles) character file.

18792 wilfster70 the Severer (level 12, -5/84 HPs)
             Began as a Gargoyle Monk on June 6, 2018.
             Was the Champion of Cheibriados.
             Shot with an arrow by a deep elf master archer (26 damage)
             ... in the Dungeon (Sprint V: "Ziggurat Sprint").
             The game lasted 00:11:10 (1015 turns).

wilfster70 the Severer (Gargoyle Monk)              Turns: 1015, Time: 00:11:10

Health: -5/84      AC: 32    Str: 30    XL:     12   Next: 62%
Magic:  5/19       EV: 11    Int: 34    God:    Cheibriados [******]
Gold:   0          SH: 33    Dex: 27    Spells: 11/11 levels left

rFire    + . .     SeeInvis +   a - +14 obsidian axe {chop, +Fly SInv *Curse} (curse)
rCold    + + .     Gourm    .   E - +18 shield of the Gong {rElec rN+ MR+ EV-5}
rNeg     + + .     Faith    .   m - +5 gold dragon scales
rPois    ∞         Spirit   .   (no helmet)
rElec    +         Reflect  .   (no cloak)
rCorr    .         Harm     .   (no gloves)
MR       +....     NoTele   +   (no boots)
Stlth    ..........             S - amulet of Free Expression {RegenMP *Drain +Inv Int-3 Slay+5 SInv}
HPRegen  0.24/turn              M - ring of the Sneaky Wishes {*Slow rC+ EV+2 Int+2}
MPRegen  0.41/turn              A - +6 ring of intelligence

@: mesmerised, studying Staves, very slow
A: dopey 1, negative energy resistance 1, electricity resistance, unbreathing,
petrification resistance, rot immunity, subdued magic 1, AC +8
a: Bend Time, Temporal Distortion, Slouch, Step From Time, Renounce Religion,
Evoke Invisibility, Evoke Flight


You were in the Dungeon.
You worshipped Cheibriados.
Cheibriados was exalted by your worship.
You were not hungry.

You visited 1 branch

Inventory:

Hand Weapons
 a - the cursed +14 obsidian axe (weapon) {chop, +Fly SInv *Curse}
   (You found it in the Dungeon)

   It inflicts extra damage upon your enemies.
   It lets you see invisible.
   It lets you fly.
   It curses itself when equipped.
   It has a curse placed upon it.
 P - a cursed -1 trident
Armour
 m - +5 gold dragon scales (worn)
 E - the +18 shield of the Gong (worn) {rElec rN+ MR+ EV-5}
   (You found it in the Dungeon)

   It affects your evasion (-5).
   It insulates you from electricity.
   It protects you from negative energy.
   It affects your resistance to hostile enchantments.
Jewellery
 A - a +6 ring of intelligence (right hand)
 M - the ring of the Sneaky Wishes (left hand) {*Slow rC+ EV+2 Int+2}
   (You took it off a crimson imp in the Dungeon)

   [ring of evasion]

   It affects your evasion (+2).
   It affects your intelligence (+2).
   It protects you from cold.
   It may slow you when you take damage.
 S - the amulet of Free Expression (around neck) {RegenMP *Drain +Inv Int-3 Slay+5 SInv}
   (You found it in the Dungeon)

   [amulet of magic regeneration]

   It increases your magic regeneration.
   It affects your intelligence (-3).
   It affects your accuracy and damage with ranged weapons and melee attacks
   (+5).
   It lets you see invisible.
   It lets you turn invisible.
   It causes draining when unequipped.
Wands
 v - a wand of disintegration (7)
 w - a wand of iceblast (7)
 x - a wand of acid (7)
Scrolls
 i - 4 scrolls of blinking
 p - 4 scrolls of amnesia
 q - 7 scrolls of fog
 r - a scroll of holy word
 s - 5 scrolls of identify
 t - 5 scrolls of remove curse
 u - 2 scrolls of fear
 G - 3 scrolls of brand weapon
Potions
 d - 10 potions of curing
 e - 18 potions of heal wounds
 f - 6 potions of haste
 g - 7 potions of magic
 h - 3 potions of berserk rage
 j - 2 potions of brilliance
 k - 2 potions of invisibility
 l - 4 potions of resistance
 n - 5 potions of agility
 o - 5 potions of might
Books
 b - the Catalogue of Supportive Flight
   (You found it in the Dungeon)

   Spells                             Type                      Level
   a - Shock                          Conjuration/Air              1
   b - Airstrike                      Air                          4
   c - Lightning Bolt                 Conjuration/Air              5
   d - Summon Forest                  Summoning/Translocation      5
   e - Aura of Abjuration             Summoning                    5
 F - a book of Party Tricks

   Spells                             Type                      Level
   a - Summon Butterflies             Summoning                    1
   b - Apportation                    Translocation                1
   c - Lesser Beckoning               Translocation                3
   d - Tukima's Dance                 Hexes                        3
   e - Alistair's Intoxication        Transmutation/Poison         5
   f - Invisibility                   Hexes                        6
 H - the Collected Works on Freezing Good Luck
   (You found it in the Dungeon)

   Spells                             Type                      Level
   a - Swiftness                      Charms/Air                   2
   b - Throw Icicle                   Conjuration/Ice              4
   c - Ice Form                       Ice/Transmutation            4
   d - Summon Ice Beast               Ice/Summoning                4
   e - Metabolic Englaciation         Hexes/Ice                    5
 L - the Disquisition on Dusty Lightness
   (You found it in the Dungeon)

   Spells                             Type                      Level
   a - Swiftness                      Charms/Air                   2
   b - Stone Arrow                    Conjuration/Earth            3
 N - a book of Changes

   Spells                             Type                      Level
   a - Beastly Appendage              Transmutation                1
   b - Sticks to Snakes               Transmutation                2
   c - Spider Form                    Transmutation/Poison         3
   d - Ice Form                       Ice/Transmutation            4
   e - Blade Hands                    Transmutation                5
 R - a manual of Staves
 T - a book of Enchantments

   Spells                             Type                      Level
   a - Cause Fear                     Hexes                        4
   b - Yara's Violent Unravelling     Hexes/Transmutation          5
   c - Silence                        Hexes/Air                    5
   d - Deflect Missiles               Charms/Air                   6
   e - Discord                        Hexes                        8
 V - a book of Dreams

   Spells                             Type                      Level
   a - Ensorcelled Hibernation        Hexes/Ice                    2
   b - Borgnjor's Vile Clutch         Necromancy/Earth             5
   c - Silence                        Hexes/Air                    5
   d - Darkness                       Hexes                        6
   e - Shadow Creatures               Summoning                    6
Miscellaneous
 y - a fan of gales
 I - a fan of gales
 J - a phantom mirror
 K - 2 sacks of spiders
 O - a box of beasts
Comestibles
 c - 8 rations


   Skills:
 + Level 13.3 Fighting
 * Level 16.2 Axes
 + Level 12.9 Armour
 + Level 10.5 Dodging
 - Level 2.1 Stealth
 + Level 12.9 Shields
 + Level 9.5 Invocations
 - Level 7.8 Evocations


You had 11 spell levels left.
You didn't know any spells.

Dungeon Overview and Level Annotations

Branches:
Dungeon (1/1)

Altars:
Ashenzari
Cheibriados
Dithmenos
Elyvilon
Fedhas
Gozag
Hepliaklqana
Kikubaaqudgha
Makhleb
Nemelex Xobeh
Okawaru
Qazlal
Ru
Sif Muna
Trog
Uskayaw
Vehumet
Wu Jian
Xom
Yredelemnul
Zin
The Shining One
Beogh
Jiyva
Lugonu


Innate Abilities, Weirdness & Mutations

You are resistant to torment.
Your stone body is resilient. (AC +8)
You are immune to poison.
You resist negative energy. (rN+)
You are resistant to electric shocks. (rElec)
You can survive without breathing.
You are immune to petrification.
You are immune to rotting.
You are dopey. (Int -2)
Your spells are a little easier to cast, but a little less powerful.


Message History

You block the arrow.
A deep elf high priest comes into view. It is wielding a scimitar.
The deep elf annihilator seems less brilliant.
The deep elf master archer shoots an arrow.
GONNNNG!
You block the arrow.
The deep elf high priest invokes the aid of its god against you.
Something smites you!
* * * LOW HITPOINT WARNING * * *
The deep elf annihilator casts a spell.
The deep elf annihilator blinks!
The deep elf master archer shoots an arrow.
BOUMMMMG!
You block the arrow.
The deep elf mage is empowered by the deep elf high priest's aura!
The deep elf high priest shoots an arrow.
The arrow hits you but does no damage.
The deep elf master archer shoots an arrow.
The arrow hits you!!
You die...

▓▓▓▓▓▓▓▓▓▓
▓..e}}e)}...▓...8©8...
▓......e.e..▓...[.....
▓....e))....▓...))|...
...§.))....▓.........
...e..... ▓....)....
▓.....▓ ▓...)))...
▓▓...▓▓ ▓...).)...
▓..▓.@(..▓..▓.▓..)).▓.
▓.....©.....▓....©....
▓▓▓▓▓▓▓▓▓▓▓▓▓▓▓▓▓▓▓▓▓▓
▓...8©8...▓...8©8...▓.
▓...)[}=..▓..:")):..▓.
▓..|))}:..▓..[:)..=.▓.
▓.........▓.........▓.
▓.........▓.........▓.
▓.........▓.........▓.


You could see a deep elf blademaster, a deep elf master archer, 3 deep elf high
priests and a deep elf mage.

Vanquished Creatures
  A deep elf sorcerer (D)
  A vault warden (D)
  An entropy weaver (D)
  2 death oozes (D)
  A yaktaur captain (D)
  3 vault guards (D)
  A dancing weapon (D)
  A wizard (D)
  2 deep elf magi (D)
  A shining eye (D)
  An ugly thing (D)
  A wolf spider (D)
  A toenail golem (D)
  3 eyes of devastation (D)
  A spiny frog (shapeshifter) (D)
  A rime drake (shapeshifter) (D)
  A demonic crawler (D)
  4 merfolk (D)
  5 slime creatures (D)
  4 hornets (D)
  A hornet (shapeshifter) (D)
  An air elemental (D)
  A redback (D)
  A tarantella (shapeshifter) (D)
  2 tarantellas (D)
  A golden eye (D)
  A hell hound (D)
  3 centaurs (D)
  2 scorpions (D)
  2 crimson imps (D)
  A quasit (D)
  An orc priest (D)
  3 jellies (D)
  2 white imps (D)
  An ufetubus (D)
  2 oozes (D)
  An orc (D)
  A bat skeleton (D)
  A jackal (D)
  A leopard gecko zombie (D)
  2 quokka skeletons (D)
67 creatures vanquished.

Vanquished Creatures (collateral kills)
  A vault warden (D)
  An ogre mage (D)
  An orb spider (D)
  A toenail golem (D)
  An eye of devastation (D)
  A redback (D)
  A floating eye (D)
  A scorpion (D)
  2 orc wizards (D)
  An iguana (D)
  A river rat (D)
12 creatures vanquished.

Vanquished Creatures (others)
  2 spatial maelstroms (D)
  An ooze (D)
3 creatures vanquished.

Grand Total: 82 creatures vanquished

Notes
Turn   | Place    | Note
-------+----------+-------------------------------------------
     0 | D        | Found the +6 Majin-Bo {vamp, Archmagi MP+6 Int+6}
     0 | D        | Found the +7 great mace "Firestarter" {inner flame, rF++}
     0 | D        | wilfster70 the Gargoyle Monk began the quest for the Orb.
     0 | D        | Reached XP level 1. HP: 14/14 MP: 1/1
    11 | D        | Banished a spatial maelstrom
    13 | D        | Found a blossoming altar of Fedhas.
    21 | D        | Found a deep blue altar of Sif Muna.
    21 | D        | Found a sacrificial altar of Ru.
    21 | D        | Found a bloodstained altar of Trog.
    21 | D        | Found a stormy altar of Qazlal.
    21 | D        | Found an iron altar of Okawaru.
    21 | D        | Found a sparkling altar of Nemelex Xobeh.
    23 | D        | Found a transporter.
    23 | D        | Found an ancient bone altar of Kikubaaqudgha.
    23 | D        | Found a viscous altar of Jiyva.
    23 | D        | Found a corrupted altar of Lugonu.
    23 | D        | Found a hazy altar of Hepliaklqana.
    23 | D        | Found a burning altar of Makhleb.
    23 | D        | Found an opulent altar of Gozag.
    45 | D        | Became a worshipper of Cheibriados the Contemplative
    45 | D        | Reached * piety under Cheibriados
    45 | D        | Reached ** piety under Cheibriados
    47 | D        | Reached skill level 7 in Axes
    47 | D        | Reached XP level 2. HP: 19/19 MP: 2/2
    50 | D        | Banished a spatial maelstrom
    57 | D        | Found the +9 heavy crossbow "Sniper" {velocity, Acc+∞ SInv}
    57 | D        | Found the +10 dark maul {crush}
    57 | D        | Found the +15 Maxwell's patent armour {-Cast -Tele rElec MR+ rCorr}
    57 | D        | Found the +18 shield of the Gong {rElec rN+ MR+ EV-5}
    57 | D        | Found the cursed +14 obsidian axe {chop, +Fly SInv *Curse}
    98 | D        | Entered arena 2.
    98 | D        | Noticed a toenail golem
    98 | D        | Noticed a toenail golem
    98 | D        | Found a transporter.
   103 | D        | Killed a toenail golem
   103 | D        | Reached skill level 5 in Fighting
   103 | D        | Reached skill level 8 in Axes
   103 | D        | Reached XP level 3. HP: 22/26 MP: 2/5
   103 | D        | Reached XP level 4. HP: 27/31 MP: 2/6
   103 | D        | Reached XP level 5. HP: 30/35 MP: 2/7
   105 | D        | Killed a toenail golem
   105 | D        | Reached skill level 10 in Axes
   105 | D        | Reached skill level 5 in Armour
   105 | D        | Reached skill level 5 in Shields
   105 | D        | Reached XP level 6. HP: 32/42 MP: 2/9
   105 | D        | Reached XP level 7. HP: 36/47 MP: 2/10
   181 | D        | Entered arena 3.
   181 | D        | Found a transporter.
   183 | D        | Reached *** piety under Cheibriados
   184 | D        | Reached skill level 5 in Dodging
   191 | D        | Identified the Catalogue of Supportive Flight (You found it in the Dungeon)
   193 | D        | Entered arena 4.
   193 | D        | Noticed a tarantella
   193 | D        | Found a transporter.
   197 | D        | Reached **** piety under Cheibriados
   197 | D        | Noticed a soul eater
   198 | D        | Killed a tarantella
   198 | D        | Reached skill level 5 in Evocations
   198 | D        | Reached XP level 8. HP: 53/53 MP: 11/11
   210 | D        | Entered arena 5.
   210 | D        | Found a transporter.
   212 | D        | Reached ***** piety under Cheibriados
   292 | D        | Entered arena 6.
   292 | D        | Found a transporter.
   300 | D        | Reached ****** piety under Cheibriados
   304 | D        | Identified the Collected Works on Freezing Good Luck (You found it in the Dungeon)
   312 | D        | Entered arena 7.
   312 | D        | Noticed a troll
   312 | D        | Noticed a shining eye
   312 | D        | Noticed a cyan ugly thing
   312 | D        | Noticed a rime drake
   312 | D        | Noticed a tarantella
   312 | D        | Noticed a spiny frog
   313 | D        | Found a transporter.
   314 | D        | Noticed a hornet
   314 | D        | a troll changed into a hornet
   315 | D        | Killed a tarantella
   318 | D        | Killed a hornet
   318 | D        | Reached skill level 11 in Axes
   318 | D        | Killed a rime drake
   318 | D        | Killed a spiny frog
   318 | D        | Reached XP level 9. HP: 18/60 MP: 13/13
   318 | D        | Gained mutation: Your spells are a little easier to cast, but a little less powerful. [a shining eye]
   320 | D        | Killed a cyan ugly thing
   321 | D        | Gained mutation: You are dopey. (Int -2) [a shining eye]
   322 | D        | Killed a shining eye
   322 | D        | Reached skill level 12 in Axes
   535 | D        | Identified the Disquisition on Dusty Lightness (You found it in the Dungeon)
   537 | D        | Entered arena 8.
   541 | D        | Found a transporter.
   545 | D        | Got the ring of the Sneaky Wishes {*Slow rC+ EV+2 Int+2}
   562 | D        | Entered arena 9.
   562 | D        | Noticed a merfolk
   562 | D        | Noticed a merfolk
   562 | D        | Noticed a merfolk
   562 | D        | Noticed a merfolk
   563 | D        | Found a transporter.
   568 | D        | Killed a merfolk
   568 | D        | Reached XP level 10. HP: 58/67 MP: 5/15
   570 | D        | Reached skill level 10 in Fighting
   622 | D        | Entered arena 10.
   622 | D        | Noticed an ogre mage
   622 | D        | Noticed a vault guard
   622 | D        | Noticed a vault warden
   622 | D        | Noticed a vault guard
   622 | D        | Noticed a wizard
   622 | D        | Noticed a vault guard
   622 | D        | Noticed a yaktaur captain
   622 | D        | Noticed a vault warden
   623 | D        | Found a transporter.
   629 | D        | Killed a wizard
   629 | D        | Reached skill level 13 in Axes
   630 | D        | Killed a vault guard
   630 | D        | Killed a vault guard
   630 | D        | Reached skill level 10 in Armour
   630 | D        | Reached skill level 10 in Shields
   631 | D        | Killed a yaktaur captain
   632 | D        | Killed a vault guard
   632 | D        | Reached XP level 11. HP: 62/74 MP: 16/16
   632 | D        | Killed a vault warden
   632 | D        | Reached skill level 14 in Axes
   632 | D        | Reached skill level 5 in Invocations
   633 | D        | Killed an ogre mage
   633 | D        | Killed a vault warden
   647 | D        | Got the amulet of Free Expression {RegenMP *Drain +Inv Int-3 Slay+5 SInv}
   670 | D        | Entered arena 11.
   671 | D        | Found a transporter.
   671 | D        | Paralysed by a floating eye for 2 turns
   688 | D        | Got the ring "Vuimyery" {+Fly Str+2 SInv}
   770 | D        | Entered arena 12.
   770 | D        | Noticed a death ooze
   772 | D        | Killed a death ooze
   773 | D        | Noticed a death ooze
   774 | D        | Reached skill level 15 in Axes
   775 | D        | Found a transporter.
   776 | D        | Killed a death ooze
   783 | D        | Reached XP level 12. HP: 82/82 MP: 11/17
   804 | D        | Entered arena 13.
   805 | D        | Noticed an entropy weaver
   806 | D        | Found a transporter.
   811 | D        | Reached skill level 10 in Dodging
   818 | D        | Killed an entropy weaver
  1010 | D        | Entered arena 14.
  1011 | D        | Noticed a deep elf sorcerer
  1011 | D        | Noticed a deep elf annihilator
  1012 | D        | Noticed a deep elf master archer
  1013 | D        | Noticed a deep elf high priest
  1013 | D        | Noticed a deep elf high priest
  1014 | D        | Noticed a deep elf blademaster
  1014 | D        | Reached skill level 16 in Axes
  1014 | D        | Killed a deep elf sorcerer
  1015 | D        | Noticed a deep elf high priest
  1015 | D        | Shot with an arrow by a deep elf master archer

Skill      XL: |  1  2  3  4  5  6  7  8  9 10 11 12 |
---------------+-------------------------------------+-----
Axes           | 7 8 10 11 12 13 15 16 | 16.2
Fighting       | 5 6 7 8 9 11 12 13 | 13.3
Armour         | 3 5 6 7 8 10 11 12 | 12.9
Dodging        | 3 4 5 6 7 8 9 10 | 10.5
Shields        | 3 5 6 7 9 10 11 12 | 12.9
Evocations     | 3 4 5 6 7 |  7.8
Invocations    | 4 7 9 |  9.5
Stealth        | |  2.1

Action                   |  1- 3 |  4- 6 |  7- 9 | 10-12 || total
-------------------------+-------+-------+-------+-------++-------
Melee: Broad axe         |     4 |     2 |    30 |    46 ||    82
Invok: Slouch            |       |       |     2 |     5 ||     7
  Use: Potion            |     1 |       |       |       ||     1
 Stab: Distracted        |       |       |       |     2 ||     2
Armor: Gold dragon scale |     2 |       |    19 |    53 ||    74
Dodge: Dodged            |       |       |     2 |    23 ||    25
Block: Shield            |     7 |     2 |    59 |    92 ||   160
